 Dungeon Crawl Stone Soup version 0.32-a0-468-g38b2580584 (webtiles) character file.

Game seed: 16612009167062710876

748 Atlas the Magician (level 8, -2/52 HPs)
             Began as a Djinni Earth Elementalist on Feb 25, 2024.
             Was a Follower of Nemelex Xobeh.
             Slain by a sleepcap (3 damage)
             ... on level 4 of the Dungeon.
             The game lasted 00:04:45 (3325 turns).

Atlas the Magician (Djinni Earth Elementalist)      Turns: 3325, Time: 00:04:46

Health: -2/52      AC:  5    Str:  7    XL:     8   Next: 6%
Gold:   194        EV: 11    Int: 25    God:    Nemelex Xobeh [*.....] SH:  0 Dex:  9

rFire   + + .        f - +2 short sword (holy)
rCold   x . .        (no shield)
rNeg    . . .        y - +0 leather armour
rPois   ∞            (no helmet)
rElec   .            l - +0 cloak
rCorr   +            i - +0 pair of gloves
SInv    .            (boots unavailable)
Will    ++...        (no amulet)
Stlth   ++           q - ring of resist corrosion
HPRegen 0.28/turn    x - ring "Zuquf" {rPois Will++ Int+6 Dex-5}
MPRegen 0.00/turn

%: infuse magic (-3 HP)
@: flying
A: sickness immunity, fire resistance 2, cold vulnerability 1, float, innate
caster, HP casting, extra vitality 1
a: Renounce Religion, Draw Escape, Draw Destruction, Draw Summoning


You were on level 4 of the Dungeon.
You worshipped Nemelex Xobeh.
Nemelex Xobeh was aware of your devotion.
You visited 1 branch of the dungeon, and saw 5 of its levels.

You collected 194 gold pieces.

Inventory:

Hand Weapons
 f - a +2 short sword of holy wrath (weapon)
Armour
 i - a +0 pair of gloves (worn)
 l - a +0 cloak (worn)
 y - a +0 leather armour (worn)
Jewellery
 q - a ring of resist corrosion (left hand)
 r - a +6 ring of strength
 w - a ring of fire
 x - the ring "Zuquf" (right hand) {rPois Will++ Int+6 Dex-5}
   (You found it on level 4 of the Dungeon)

   [ring of intelligence]

   Int+6:     It affects your intelligence (+6).
   Dex-5:     It affects your dexterity (-5).
   rPois:     It protects you from poison Will++: It greatly increases your
   willpower.
Wands
 t - a wand of digging (2)
 v - a wand of roots (7)
Scrolls
 b - 7 scrolls of identify {unknown}
 e - a scroll of blinking {unknown}
 g - a scroll of enchant armour {unknown}
 k - 2 scrolls of noise {unknown}
 m - a scroll of silence {unknown}
 n - a scroll of vulnerability {unknown}
 p - a scroll of fear {unknown}
 u - a scroll of fog {unknown}
Potions
 c - 4 potions of enlightenment {unknown}
 d - a potion of mutation {unknown}
 h - 3 potions of curing {unknown}
 j - a potion of heal wounds {unknown}
 o - a potion of cancellation {unknown}
 s - a potion of lignification {unknown}


   Skills:
 + Level 1.5 Fighting
 + Level 1.2 Short Blades
 + Level 0.6 Armour
 + Level 3.4 Dodging
 + Level 4.9 Stealth
 + Level 5.1 Spellcasting
 + Level 5.1 Conjurations
 + Level 5.1 Hexes
 + Level 5.1 Summonings
 + Level 5.1 Necromancy
 + Level 5.1 Translocations
 + Level 5.1 Fire Magic
 + Level 5.1 Ice Magic
 + Level 5.1 Air Magic
 + Level 5.1 Earth Magic
 + Level 5.1 Alchemy


You knew the following spells:

 Your Spells              Type           Power      Damage    Failure   Level
a - Foxfire               Conj/Fire      100%       2x1d9     1%          1
b - Passwall              Erth           32%        N/A       4%          3
c - Stone Arrow           Conj/Erth      64%        3d11      4%          3
d - Petrify               Alch/Erth      32%        N/A       14%         4
e - Brom's Barrelling Bo  Conj/Erth      32%        2d5       14%         4
f - Sandblast             Erth           64%        2d14      1%          1
g - Momentum Strike       Conj/Tloc      64%        3d9       2%          2
h - Swiftness             Air            32%        N/A       4%          3
Your spell library was empty.

Dungeon Overview and Level Annotations

Branches:
Dungeon (5/15)
 Temple: D:4-7

Altars:
Ashenzari
Dithmenos
Elyvilon
Nemelex Xobeh
Trog
Xom
Yredelemnul
The Shining One

Shops:
D:1 [

Annotations:
D:5 Blork the orc


Innate Abilities, Weirdness & Mutations

You are immune to sickness and miasma.
You are immune to poison.
Your flesh is very heat resistant. (rF++)
You are vulnerable to cold. (rC-)
You float through the air rather than walking.
You learn spells naturally, not from books.
Your magical power is your life essence.
You have superior vitality. (+4 MHP)


Message History

The centaur unwields a +0 shortbow.
The centaur hits you but does no damage.
The centaur kicks you. The centaur hits you. The centaur kicks you.
The sleepcap barely misses you.
Blork the orc hits you from afar with a +0 trident!
* * * LOW HITPOINT WARNING * * *
The foxfire hits the sleepcap but does no damage.
The foxfire hits the centaur.
The centaur is almost dead.
The centaur closely misses you.
The centaur kicks you but does no damage.
The sleepcap releases spores at you but does no damage.
Blork the orc hits you but does no damage.
You fly upwards.
There is a stone staircase leading down here.
Unknown command.
Unknown command.
Casting: Foxfire (safe; 1% risk of failure)
Confirm with . or Enter, or press ? or * to list all spells.
Aiming: Stone Arrow (dangerous; 4% risk of failure)
Press: ? - help, Shift-Dir - straight line, f - centaur
Aim: a centaur (almost dead, 84% to hit)
The stone arrow hits the centaur!!
You kill the centaur!
* * * LOW HITPOINT WARNING * * *
The sleepcap releases spores at you!
* * * LOW HITPOINT WARNING * * *
You have reached level 8!
You feel clever.
Casting: Stone Arrow (dangerous; 4% risk of failure)
Confirm with . or Enter, or press ? or * to list all spells.
Aiming: Stone Arrow (dangerous; 4% risk of failure)
Press: ? - help, Shift-Dir - straight line, f - sleepcap
Aim: a sleepcap (100% to hit)
The stone arrow hits the sleepcap!
The sleepcap is heavily damaged.
* * * LOW HITPOINT WARNING * * *
The sleepcap releases spores at you.
You die...
Your body disappears without a glow.

#..###.......#####.####
##........#### ###.# #.########
#...# #.# #.### #>####### #.#
####.......#### #.######
#.)....##.....####......#
#.##....#..)............#####
#####.##...÷÷...@f.####..........
.)..#.##.#.##......# #..)..#####
###.#.##.#.##.....## #.....#
#.#............## ###.###
###.##########..)# #.# .......#
#...# #.# ## .......#
#...########.# #.
..#.##.#######...#........# #.
..#(##.##.............##..# ##.


You could see a sleepcap.

Vanquished Creatures
  Sigmund (D:2)
  An ice beast (D:3)
  A centaur (D:4)
  A scorpion (D:4)
  2 bombardier beetles
  Crazy Yiuf (D:2)
  A hound (D:4)
  Jessica (D:2)
  An iguana (D:4)
  Ijyb (D:4)
  An orc wizard (D:4)
  4 adders
  A shadow imp (D:5)
  2 dart slugs
  A ribbon worm (D:3)
  2 orcs (D:4)
  7 ball pythons
  9 bats
  3 endoplasms
  3 giant cockroaches
  8 hobgoblins
  4 jackals (D:1)
  9 kobolds
  4 quokkas
  9 frilled lizards
  8 goblins
  7 rats
93 creatures vanquished.

Vanquished Creatures (collateral kills)
  2 foxfires (D:3)
2 creatures vanquished.

Vanquished Creatures (others)
  337 foxfires
337 creatures vanquished.

Grand Total: 432 creatures vanquished

Notes
Turn   | Place    | Note
-------+----------+-------------------------------------------
     0 | D:1      | Atlas the Djinni Earth Elementalist began the quest for the
                  | Orb.
     0 | D:1      | Atlas set off with the following spells memorised:
                  | Sandblast, Passwall, Stone Arrow, Petrify, Brom's
                  | Barrelling Boulder.
     0 | D:1      | Reached XP level 1. HP: 15/15 MP: 0/0
    64 | D:1      | Reached XP level 2. HP: 16/21 MP: 0/0
   229 | D:1      | Reached XP level 3. HP: 23/25 MP: 0/0
   229 | D:1      | Learned a level 1 spell: Foxfire
   480 | D:1      | Found Cuang's Antique Armour Emporium.
   584 | D:2      | Noticed Jessica
   590 | D:2      | Killed Jessica
   591 | D:2      | Reached XP level 4. HP: 22/31 MP: 0/0
   661 | D:2      | Noticed Sigmund
   884 | D:2      | Killed Sigmund
   885 | D:2      | Reached XP level 5. HP: 32/36 MP: 0/0
   885 | D:2      | Learned a level 2 spell: Momentum Strike
   885 | D:2      | Reached XP level 6. HP: 36/41 MP: 0/0
  1016 | D:2      | Reached skill level 1 in Fighting
  1424 | D:2      | Found a runed translucent door.
  1425 | D:2      | Noticed Crazy Yiuf
  1615 | D:2      | Killed Crazy Yiuf
  1694 | D:3      | Found a sparkling altar of Nemelex Xobeh.
  1729 | D:3      | Became a worshipper of Nemelex Xobeh the Trickster
  1766 | D:3      | Found a glowing golden altar of the Shining One.
  1865 | D:3      | Found a basalt altar of Yredelemnul.
  1950 | D:3      | Noticed an ice beast
  1956 | D:3      | Killed an ice beast
  1957 | D:3      | Reached XP level 7. HP: 38/47 MP: 0/0
  1957 | D:3      | Learned a level 3 spell: Swiftness
  2010 | D:3      | Found a broken altar of Ashenzari.
  2291 | D:4      | Reached skill level 1 in Short Blades
  2577 | D:4      | Found a shimmering altar of Xom.
  2578 | D:4      | Found a shadowy altar of Dithmenos.
  2578 | D:4      | Found a bloodstained altar of Trog.
  2730 | D:4      | Reached skill level 5 in Spellcasting
  2730 | D:4      | Reached skill level 5 in Conjurations
  2730 | D:4      | Reached skill level 5 in Hexes
  2730 | D:4      | Reached skill level 5 in Summonings
  2730 | D:4      | Reached skill level 5 in Necromancy
  2730 | D:4      | Reached skill level 5 in Translocations
  2730 | D:4      | Reached skill level 5 in Fire Magic
  2730 | D:4      | Reached skill level 5 in Ice Magic
  2730 | D:4      | Reached skill level 5 in Air Magic
  2730 | D:4      | Reached skill level 5 in Earth Magic
  2730 | D:4      | Reached skill level 5 in Alchemy
  2747 | D:4      | Noticed Ijyb
  2758 | D:4      | Killed Ijyb
  2876 | D:4      | Reached * piety under Nemelex Xobeh
  3075 | D:4      | Received a gift from Nemelex Xobeh
  3075 | D:4      | Identified the ring "Zuquf" {rPois Will++ Int+6 Dex-5}
  3194 | D:4      | Found a white marble altar of Elyvilon.
  3316 | D:5      | Entered Level 5 of the Dungeon
  3316 | D:5      | Noticed Blork the orc
  3325 | D:4      | Reached XP level 8. HP: 4/52 MP: 0/0
  3325 | D:4      | Slain by a sleepcap

Illustrated notes

Levels and vault maps discovered:
D:1:      zelgadis_glass_arrival_small, layout_rooms, serial_shops,
          nicolae_shop_waterfront, minmay_lizard_pond
D:2:      layout_rooms, hangedman_decor_diamond_cutter, uniq_crazy_yiuf_cottage,
          uniq_sigmund, uniq_jessica
D:3:      layout_rooms, mainiacjoe_overflow_small_starburst,
          lemuel_crystal_altar, mainiacjoe_overflow_boulevard,
          nemelex_xobeh_ov_fountains_minmay, serial_bayou_pond_d, st_stairs_7
D:4:      layout_loops_cross, nicolae_elyvilon_temple_path,
          chequers_temple_overflow_statue_of_worship, uniq_ijyb
D:5:      layout_rooms, zin_scriptorium, uniq_blork_the_orc, uniq_pikel

Skill      XL: |  1  2  3  4  5  6  7 |
---------------+----------------------+-----
Stealth        | 2 3 4 |  4.9
Dodging        | 3 |  3.4
Spellcasting   | 4 5 |  5.1
Conjurations   | 4 5 |  5.1
Hexes          | 4 5 |  5.1
Summonings     | 4 5 |  5.1
Necromancy     | 4 5 |  5.1
Translocations | 4 5 |  5.1
Fire Magic     | 4 5 |  5.1
Ice Magic      | 4 5 |  5.1
Air Magic      | 4 5 |  5.1
Earth Magic    | 4 5 |  5.1
Alchemy        | 4 5 |  5.1
Fighting       | 1 |  1.5
Short Blades   | 1 |  1.2
Armour         | |  0.6

Action                     |  1- 3 |  4- 6 |  7- 9 || total
---------------------------+-------+-------+-------++-------
  Melee: Short sword       |       |     2 |     1 ||     3
   Cast: Sandblast         |    27 |       |       ||    27
         Foxfire           |    32 |    99 |    64 ||   195
         Stone Arrow       |       |     4 |    16 ||    20
   Stab: Sleeping          |       |     1 |       ||     1
 Armour: Robe              |    10 |     4 |     5 ||    19
         Leather armour    |       |       |    12 ||    12
  Dodge: Dodged            |    12 |     8 |    11 ||    31

Table legend: (Time is in decaauts)
 A = Elapsed time spent in this place.
 B = Non-inter-level travel time spent in this place.
 C = Inter-level travel time spent in this place.
 D = Time resting spent in this place.
 E = Time spent auto-exploring this place.
 F = Levels seen in this place.
 G = Mean time per level.
                   A        B        C        D        E       F      G
               +--------+--------+--------+--------+--------+-----+--------+
         Total |   3338 |   3200 |    138 |    186 |   2408 |   5 |  667.6 |
       Dungeon |   3338 |   3200 |    138 |    186 |   2408 |   5 |  667.6 |
               +--------+--------+--------+--------+--------+-----+--------+

Top non-repeatable levels by time:
     D:4: 949 daAuts
     D:2: 917 daAuts
     D:1: 775 daAuts
     D:3: 689 daAuts
     D:5: 6 daAuts
